BSA
PORTLAND CARDS @ VISTA PANTHERS
09/29/2029
 
TOP OF THE 1ST
Portland Cards batting - Pitching for Vista Panthers : RHP Kitahachi Okada
Pitching: RHP Kitahachi Okada
Batting: LHB Bill Murphy 0-0: Bunted foul
0-1: Ground out U3 (Groundball, 34)
Batting: RHB António Zúńiga 0-0: Ball
1-0: Called Strike
1-1: SINGLE (Line Drive, 4)
Batting: LHB Jeff Daniels 0-0: Called Strike
0-1: Foul Ball, location: 2F
0-2: Foul Ball, location: 2F
0-2: Foul Ball, location: 2F
0-2: Foul Ball, location: 2F
0-2: Foul Ball, location: 2F
0-2: Ball
1-2: Ball
2-2: Ball
3-2: Strikes out swinging
Batting: LHB Troy Donaldson 0-0: Ball
1-0: Fly out, F7 (Flyball, 7LMF)
Top of the 1st over - 0 runs, 1 hit, 0 errors, 1 left on base; Portland 0 - Vista 0
BOTTOM OF THE 1ST
Vista Panthers batting - Pitching for Portland Cards : RHP Nelson Ortega
Pitching: RHP Nelson Ortega
Batting: LHB Ramiro Martínez 0-0: Ball
1-0: Ball
2-0: Called Strike
2-1: Called Strike
2-2: Ball
3-2: Strikes out swinging
Batting: RHB Stephen Wilson 0-0: Called Strike
0-1: Ball
1-1: Called Strike
1-2: Ball
2-2: Ball
3-2: Fly out, F9 (Flyball, 9LMF)
Batting: LHB Dante Owens 0-0: Ball
1-0: Foul Ball, location: 2F
1-1: Called Strike
1-2: Ball
2-2: Ball
3-2: SINGLE (Flyball, 78S)
Batting: SHB Juan Castro 0-0: Called Strike
0-1: DOUBLE (Groundball, 3L)
Dante Owens to third
Batting: RHB Jake Reeves 0-0: Fly out, F8 (Flyball, 8LS)
Bottom of the 1st over - 0 runs, 2 hits, 0 errors, 2 left on base; Portland 0 - Vista 0
TOP OF THE 2ND
Portland Cards batting - Pitching for Vista Panthers : RHP Kitahachi Okada
Batting: LHB Paul Mullins 0-0: Foul Ball, location: 2F
0-1: Foul Ball, location: 2F
0-2: Ball
1-2: Foul Ball, location: 2F
1-2: DOUBLE (Groundball, 3L)
Batting: RHB Eugene Gill 0-0: Ground out 6-3 (Groundball, 6)
Batting: LHB Chance Santry 0-0: Ground out 6-3 (Groundball, 56)
Batting: RHB Manolo Román 0-0: Ball
1-0: Called Strike
1-1: Ball
2-1: Foul Ball, location: 2F
2-2: Foul Ball, location: 2F
2-2: Strikes out swinging
Top of the 2nd over - 0 runs, 1 hit, 0 errors, 1 left on base; Portland 0 - Vista 0
BOTTOM OF THE 2ND
Vista Panthers batting - Pitching for Portland Cards : RHP Nelson Ortega
Batting: LHB Noriaki Sangi 0-0: Ball
1-0: Ball
2-0: Ground out 4-3 (Groundball, 34)
Batting: RHB Cisco Gatán 0-0: Ground out 4-3 (Groundball, 4)
Batting: RHB Phil Matthews 0-0: Called Strike
0-1: Ball
1-1: Ball
2-1: Foul Ball, location: 2F
2-2: Ball
3-2: Foul Ball, location: 2F
3-2: Fly out, F3 (Popup, 34)
Bottom of the 2nd over - 0 runs, 0 hits, 0 errors, 0 left on base; Portland 0 - Vista 0
TOP OF THE 3RD
Portland Cards batting - Pitching for Vista Panthers : RHP Kitahachi Okada
Batting: RHB Bonifacio Torres 0-0: Called Strike
0-1: Ground out 4-3 (Groundball, 4M)
Batting: LHB Bill Murphy 0-0: Called Strike
0-1: Ball
1-1: Foul Ball, location: 2F
1-2: Strikes out swinging
Batting: RHB António Zúńiga 0-0: Foul Ball, location: 2F
0-1: Foul Ball, location: 2F
0-2: Foul Ball, location: 2F
0-2: Fly out, F9 (Flyball, 89M)
Top of the 3rd over - 0 runs, 0 hits, 0 errors, 0 left on base; Portland 0 - Vista 0
BOTTOM OF THE 3RD
Vista Panthers batting - Pitching for Portland Cards : RHP Nelson Ortega
Batting: LHB Francisco Medina 0-0: Ball
1-0: Called Strike
1-1: Ball
2-1: Ball
3-1: Base on Balls
Batting: LHB Ramiro Martínez 0-0: Ball
1-0: Ball
2-0: Called Strike
2-1: Ball
3-1: Called Strike
3-2: Strikes out swinging
Batting: RHB Stephen Wilson 0-0: Ball
1-0: Foul Ball, location: 2F
1-1: Ground out U3 (Groundball, 2R)
Francisco Medina to second
Batting: LHB Dante Owens 0-0: Ground out 6-3 (Groundball, 6)
Bottom of the 3rd over - 0 runs, 0 hits, 0 errors, 1 left on base; Portland 0 - Vista 0
TOP OF THE 4TH
Portland Cards batting - Pitching for Vista Panthers : RHP Kitahachi Okada
Batting: LHB Jeff Daniels 0-0: Ball
1-0: Ball
2-0: SOLO HOME RUN (Flyball, 9LD), Distance : 325 ft
Batting: LHB Troy Donaldson 0-0: Ball
1-0: SINGLE (Line Drive, 56D)
Batting: LHB Paul Mullins 0-0: Ball
Troy Donaldson steals 2nd base
1-0: Ball
2-0: Foul Ball, location: 2F
2-1: SINGLE (Flyball, 78M)
Troy Donaldson to third
Runner from 3rd tries for Home, SAFE, no throw
Batting: RHB Eugene Gill 0-0: Swinging Strike
0-1: Called Strike
0-2: Ball
1-2: Fly out, F7 (Flyball, 7)
Batting: LHB Chance Santry 0-0: Ball
1-0: Fly out, F5 (Flyball, 56D)
Batting: RHB Manolo Román 0-0: Called Strike
0-1: Ball
1-1: Ball
2-1: Foul Ball, location: 2F
2-2: Ball
3-2: Ground out 6-3 (Groundball, 6)
Top of the 4th over - 2 runs, 3 hits, 0 errors, 1 left on base; Portland 2 - Vista 0
BOTTOM OF THE 4TH
Vista Panthers batting - Pitching for Portland Cards : RHP Nelson Ortega
Batting: SHB Juan Castro 0-0: Fly out, F5 (Popup, 5SF)
Batting: RHB Jake Reeves 0-0: Ball
1-0: Called Strike
1-1: DOUBLE (Line Drive, 7LM)
Batting: LHB Noriaki Sangi 0-0: Ball
1-0: Ball
2-0: Called Strike
2-1: Ground out 4-3 (Groundball, 4S)
Jake Reeves to third
Batting: RHB Cisco Gatán 0-0: Called Strike
0-1: Ball
1-1: Ball
2-1: Foul Ball, location: 2F
2-2: Strikes out swinging
Bottom of the 4th over - 0 runs, 1 hit, 0 errors, 1 left on base; Portland 2 - Vista 0
TOP OF THE 5TH
Portland Cards batting - Pitching for Vista Panthers : RHP Kitahachi Okada
Batting: RHB Bonifacio Torres 0-0: Ball
1-0: Ground out 6-3 (Groundball, 6)
Batting: LHB Bill Murphy 0-0: Ball
1-0: Ball
2-0: Foul Ball, location: 2F
2-1: Foul Ball, location: 2F
2-2: Ball
3-2: Foul Ball, location: 2F
3-2: Ground out U3 (Groundball, 3S)
Batting: RHB António Zúńiga 0-0: Called Strike
0-1: SINGLE (Line Drive, 3)
Pitching: RHP Craig Lewis
Batting: LHB Jeff Daniels 0-0: Ball
1-0: Called Strike
1-1: Ground out 4-3 (Groundball, 4)
Top of the 5th over - 0 runs, 1 hit, 0 errors, 1 left on base; Portland 2 - Vista 0
BOTTOM OF THE 5TH
Vista Panthers batting - Pitching for Portland Cards : RHP Nelson Ortega
Batting: RHB Phil Matthews 0-0: Swinging Strike
0-1: Ball
1-1: Fly out, F9 (Flyball, 89S)
Batting: LHB Francisco Medina 0-0: Called Strike
0-1: SINGLE (Groundball, 4MD)
Batting: LHB Ramiro Martínez 0-0: Ball
1-0: Grounds into double play, 4-6-3 (Groundball, 4)
Bottom of the 5th over - 0 runs, 1 hit, 0 errors, 0 left on base; Portland 2 - Vista 0
TOP OF THE 6TH
Portland Cards batting - Pitching for Vista Panthers : RHP Craig Lewis
Batting: LHB Troy Donaldson 0-0: Ball
1-0: SINGLE (Groundball, 4MD)
Batting: LHB Paul Mullins 0-0: Called Strike
0-1: Foul Ball, location: 2F
0-2: Ball
Troy Donaldson steals 2nd base
1-2: Ball
2-2: Strikes out swinging
Batting: RHB Eugene Gill 0-0: Ball
1-0: Foul Ball, location: 2F
1-1: Ball
2-1: Fly out, F9 (Line Drive, 89S)
Batting: LHB Chance Santry 0-0: Ball
1-0: Ball
2-0: Foul Ball, location: 2F
2-1: 2-RUN HOME RUN (Flyball, 89XD), Distance : 409 ft
Pitching: RHP Jesse Green
Batting: RHB Manolo Román 0-0: Ball
1-0: Ball
2-0: Swinging Strike
2-1: Foul Ball, location: 2F
2-2: Foul Ball, location: 2F
2-2: Foul Ball, location: 2F
2-2: Strikes out looking
Top of the 6th over - 2 runs, 2 hits, 0 errors, 0 left on base; Portland 4 - Vista 0
BOTTOM OF THE 6TH
Vista Panthers batting - Pitching for Portland Cards : RHP Nelson Ortega
Batting: RHB Stephen Wilson 0-0: Ball
1-0: Ball
2-0: Fly out, F7 (Line Drive, 7)
Batting: LHB Dante Owens 0-0: SINGLE (Line Drive, 34)
Batting: SHB Juan Castro 0-0: Called Strike
0-1: Swinging Strike
0-2: Strikes out swinging
Batting: RHB Jake Reeves 0-0: Ball
1-0: Ball
2-0: Foul Ball, location: 2F
2-1: Ball
3-1: Base on Balls
Dante Owens to second
Batting: LHB Noriaki Sangi 0-0: Foul Ball, location: 2F
0-1: Ball
1-1: Swinging Strike
1-2: Ball
2-2: Strikes out swinging
Bottom of the 6th over - 0 runs, 1 hit, 0 errors, 2 left on base; Portland 4 - Vista 0
TOP OF THE 7TH
Portland Cards batting - Pitching for Vista Panthers : RHP Jesse Green
Batting: RHB Bonifacio Torres 0-0: Ball
1-0: Called Strike
1-1: Ball
2-1: Foul Ball, location: 2F
2-2: SINGLE (Groundball, 6MD)
Batting: LHB Bill Murphy 0-0: Ball
1-0: Sac Bunt - play at first, batter OUT! 2-4
Bonifacio Torres to second
Batting: RHB António Zúńiga 0-0: Ball
1-0: Called Strike
1-1: Swinging Strike
1-2: Ball
2-2: Strikes out swinging
Batting: LHB Jeff Daniels 0-0: Ball
1-0: Ball
2-0: Ball
3-0: Called Strike
3-1: Base on Balls
Batting: LHB Troy Donaldson 0-0: Called Strike
0-1: Called Strike
0-2: Fielders Choice at 2nd, U4 (Groundball, 4M)
Top of the 7th over - 0 runs, 1 hit, 0 errors, 2 left on base; Portland 4 - Vista 0
BOTTOM OF THE 7TH
Vista Panthers batting - Pitching for Portland Cards : RHP Nelson Ortega
Batting: RHB Cisco Gatán 0-0: Called Strike
0-1: Called Strike
0-2: Ball
1-2: Ball
2-2: Ball
3-2: Strikes out swinging
Batting: RHB Phil Matthews 0-0: Ball
1-0: Called Strike
1-1: Ground out U3 (Groundball, 3)
Batting: LHB Francisco Medina 0-0: Ball
1-0: Ball
2-0: Fly out, F8 (Flyball, 78D)
Bottom of the 7th over - 0 runs, 0 hits, 0 errors, 0 left on base; Portland 4 - Vista 0
TOP OF THE 8TH
Portland Cards batting - Pitching for Vista Panthers : RHP Jesse Green
Batting: LHB Paul Mullins 0-0: Called Strike
0-1: Ground out U3 (Groundball, 3S)
Batting: RHB Eugene Gill 0-0: Ball
1-0: Ball
2-0: SOLO HOME RUN (Flyball, 7D), Distance : 415 ft
Batting: LHB Chance Santry 0-0: Ball
1-0: Ball
2-0: Foul Ball, location: 2F
2-1: Swinging Strike
2-2: Ball
3-2: Fly out, F9 (Flyball, 9LS)
Batting: RHB Manolo Román 0-0: Ball
1-0: Foul Ball, location: 2F
1-1: Ball
2-1: Foul Ball, location: 2F
2-2: Ground out 6-3 (Groundball, 6)
Top of the 8th over - 1 run, 1 hit, 0 errors, 0 left on base; Portland 5 - Vista 0
BOTTOM OF THE 8TH
Vista Panthers batting - Pitching for Portland Cards : RHP Nelson Ortega
Batting: LHB Ramiro Martínez 0-0: Foul Ball, location: 2F
0-1: Fly out, F9 (Flyball, 9D)
Batting: RHB Stephen Wilson 0-0: Called Strike
0-1: Ball
1-1: Foul Ball, location: 2F
1-2: DOUBLE (Line Drive, 89XD)
Pitching: RHP Ron Biller
Batting: LHB Dante Owens 0-0: Foul Ball, location: 2F
0-1: Ball
1-1: Ball
2-1: Foul Ball, location: 2F
2-2: Ball
3-2: Strikes out looking
Batting: SHB Juan Castro 0-0: Ball
1-0: Ball
2-0: Foul Ball, location: 2F
2-1: Called Strike
2-2: Ball
3-2: Ground out U3 (Groundball, 3S)
Bottom of the 8th over - 0 runs, 1 hit, 0 errors, 1 left on base; Portland 5 - Vista 0
TOP OF THE 9TH
Portland Cards batting - Pitching for Vista Panthers : RHP Jesse Green
Batting: RHB Bonifacio Torres 0-0: Fly out, F7 (Flyball, 78M)
Batting: LHB Bill Murphy 0-0: Ball
1-0: Fly out, F8 (Flyball, 78M)
Batting: RHB António Zúńiga 0-0: Ball
1-0: DOUBLE (Line Drive, 9LD)
Batting: LHB Jeff Daniels 0-0: Ball
1-0: Ball
2-0: Ball
3-0: Ground out 4-3 (Groundball, 4)
Top of the 9th over - 0 runs, 1 hit, 0 errors, 1 left on base; Portland 5 - Vista 0
BOTTOM OF THE 9TH
Vista Panthers batting - Pitching for Portland Cards : RHP Ron Biller
Batting: RHB Jake Reeves 0-0: Called Strike
0-1: Ball
1-1: Ball
2-1: Ball
3-1: Base on Balls
Pitching: RHP Butch Ramey
Batting: LHB Noriaki Sangi 0-0: Called Strike
0-1: SINGLE (Groundball, 34D)
Jake Reeves to second
Batting: RHB Cisco Gatán 0-0: Called Strike
0-1: Called Strike
0-2: Ball
1-2: Ball
2-2: Ball
3-2: Foul Ball, location: 2F
3-2: Foul Ball, location: 2F
3-2: Base on Balls
Jake Reeves to third
Noriaki Sangi to second
Pitching: LHP Valentín Reséndez
Batting: RHB Phil Matthews 0-0: Called Strike
0-1: SINGLE (Flyball, 8LS)
Jake Reeves scores
Noriaki Sangi to third
Cisco Gatán to second
Pinch Hitting: RHB Johnny Williams 0-0: DOUBLE (Line Drive, 9LS)
Noriaki Sangi scores
Cisco Gatán scores
Phil Matthews to third
Pinch Hitting: RHB Carlos García 0-0: Ball
1-0: Swinging Strike
1-1: Swinging Strike
1-2: Strikes out looking
Batting: RHB Stephen Wilson 0-0: DOUBLE (Flyball, 8LXD)
Phil Matthews scores
Johnny Williams scores
Batting: LHB Dante Owens 0-0: Ball
1-0: SINGLE (Groundball, 6S) (infield hit)
Stephen Wilson to third
Batting: SHB Juan Castro 0-0: Ball
1-0: Called Strike
1-1: Foul Ball, location: 2F
1-2: Strikes out looking
Batting: RHB Jake Reeves 0-0: Called Strike
0-1: Foul Ball, location: 2F
0-2: Strikes out swinging
Bottom of the 9th over - 5 runs, 5 hits, 0 errors, 2 left on base; Portland 5 - Vista 5
TOP OF THE 10TH
Portland Cards batting - Pitching for Vista Panthers : RHP Jesse Green
Pitching: RHP David Simpson
Now at 2B: Ernest Russell
Now in RF: Carlos García
Batting: LHB Troy Donaldson 0-0: Called Strike
0-1: Called Strike
0-2: Strikes out swinging
Batting: LHB Paul Mullins 0-0: Called Strike
0-1: Ball
1-1: Ball
2-1: Ball
3-1: Called Strike
3-2: Ground out U3 (Groundball, 34S)
Batting: RHB Eugene Gill 0-0: Called Strike
0-1: Swinging Strike
0-2: Foul Ball, location: 2F
0-2: Ball
1-2: Ball
2-2: Foul Ball, location: 2F
2-2: Foul Ball, location: 2F
2-2: Strikes out swinging
Top of the 10th over - 0 runs, 0 hits, 0 errors, 0 left on base; Portland 5 - Vista 5
BOTTOM OF THE 10TH
Vista Panthers batting - Pitching for Portland Cards : LHP Valentín Reséndez
Pitching: LHP Allan Bader
Pinch Hitting: RHB Luis Ríos 0-0: Ground out 6-3 (Groundball, 6)
Batting: RHB Cisco Gatán 0-0: Called Strike
0-1: Called Strike
0-2: Ball
1-2: DOUBLE (Line Drive, 8RD)
Batting: RHB Phil Matthews 0-0: Intentional Walk
Pinch Hitting: RHB Griswold Coleman 0-0: Ball
1-0: Called Strike
1-1: Foul Ball, location: 2F
1-2: Foul Ball, location: 2F
1-2: Ball
2-2: Strikes out looking
Batting: RHB Carlos García 0-0: Ball
1-0: Fielders Choice at 2nd, 5-4 (Groundball, 56)
Bottom of the 10th over - 0 runs, 1 hit, 0 errors, 2 left on base; Portland 5 - Vista 5
TOP OF THE 11TH
Portland Cards batting - Pitching for Vista Panthers : RHP David Simpson
Now at 1B: Francisco Marino
Now at 2B: Griswold Coleman
Batting: LHB Chance Santry 0-0: Ball
1-0: Foul Ball, location: 2F
1-1: DOUBLE (Line Drive, 89D)
Batting: RHB Manolo Román 0-0: Intentional Walk
Batting: RHB Bonifacio Torres 0-0: Called Strike
0-1: Foul Ball, location: 2F
0-2: SINGLE (Line Drive, 78S)
Chance Santry to third
Manolo Román to second
Batting: LHB Bill Murphy 0-0: Called Strike
0-1: Called Strike
0-2: Strikes out swinging
Batting: RHB António Zúńiga 0-0: Ball
1-0: Ball
2-0: Called Strike
2-1: Ball
3-1: Fly out, F9 (Line Drive, 9)
Runner from 3rd tags up, SCORES, throw made
Batting: LHB Jeff Daniels 0-0: Ball
1-0: Called Strike
1-1: Ground out 4-3 (Groundball, 4)
Top of the 11th over - 1 run, 2 hits, 0 errors, 2 left on base; Portland 6 - Vista 5
BOTTOM OF THE 11TH
Vista Panthers batting - Pitching for Portland Cards : LHP Allan Bader
Batting: RHB Stephen Wilson 0-0: Called Strike
0-1: Foul Ball, location: 2F
0-2: Ball
1-2: Ball
2-2: Ball
3-2: Ground out 5-3 (Groundball, 56S)
Batting: LHB Dante Owens 0-0: Ball
1-0: Called Strike
1-1: Swinging Strike
1-2: Fly out, F8 (Flyball, 8LD)
Batting: SHB Juan Castro 0-0: Foul Ball, location: 2F
0-1: Swinging Strike
0-2: Ball
1-2: Strikes out swinging
Bottom of the 11th over - 0 runs, 0 hits, 0 errors, 0 left on base; Portland 6 - Vista 5
Saturday, December 16th, 2017 - OOTP Baseball 18.8 Build 76